 Dungeon Crawl Stone Soup version 0.20-a0-927-g1ae2c61 (console) character file.

184 nht the Chopper (level 5, 0/45 HPs)
             Began as a Hill Orc Monk on Mar 28, 2017.
             Was an Initiate of Beogh.
             Slain by Lifeless's ghost (13 damage)
             ... on level 4 of the Dungeon.
             The game lasted 00:06:14 (3361 turns).

nht the Chopper (Hill Orc Monk)                     Turns: 3361, Time: 00:06:14

Health: 0/45       AC:  6    Str: 14    XL:     5   Next: 64%
Magic:  5/5        EV: 10    Int: 11    God:    Beogh [......]
Gold:   104        SH:  0    Dex: 13    Spells: 3/4 levels left

rFire    . . .     SeeInvis .   a - +0 hand axe
rCold    . . .     Gourm    .   (no shield)
rNeg     . . .     Faith    .   e - +0 ring mail
rPois    .         Spirit   .   (no helmet)
rElec    .         Reflect  .   i - +0 cloak
rCorr    .         Harm     .   (no gloves)
MR       .....                  (no boots)
Stlth    +.........             (no amulet)
Regen    0.2/turn               (no ring)
MPRegen  0.1/turn               (no ring)

@: heavily drained
A: high mp 1
a: Renounce Religion


You were on level 4 of the Dungeon.
You worshipped Beogh.
Beogh was noncommittal.
You were not hungry.

You visited 1 branch of the dungeon, and saw 4 of its levels.

You collected 104 gold pieces.

Inventory:

Hand Weapons
 a - a +0 hand axe (weapon)
Armour
 e - a +0 ring mail (worn)
 i - a +0 cloak (worn)
Jewellery
 g - an uncursed ring of see invisible {unknown}
Wands
 h - a wand of polymorph (9/24)
Scrolls
 j - 2 scrolls of identify {unknown}
 k - 2 scrolls of teleportation {unknown}
Comestibles
 b - 2 chunks of flesh
 c - 4 bread rations
 d - 2 meat rations
 f - a royal jelly


   Skills:
 - Level 3.6(2.3) Fighting
 + Level 7.4(5.9) Axes
 - Level 2.4(1.1) Dodging
 - Level 1.5(0.3) Stealth
 + Level 0.1(0.0) Spellcasting
 + Level 1.6(0.3) Conjurations
 + Level 1.2(0.0) Fire Magic


You had 3 spell levels left.
You knew the following spells:

 Your Spells              Type           Power        Failure   Level  Hunger
a - Flame Tongue          Conj/Fire      #....        75%         1    ##.....


Dungeon Overview and Level Annotations

Branches:
Dungeon (4/15)
 Temple: D:4-7

Altars:
Vehumet

Annotations:
D:4 Eustachio; Lifeless's ghost, amateur MiFi


Innate Abilities, Weirdness & Mutations

You have an increased reservoir of magic. (+10% MP)


Message History

The orc hits Lifeless's ghost but does no damage.
You hit Lifeless's ghost but do no damage.
Lifeless's ghost is lightly damaged.
Lifeless's ghost barely misses you.
The orc barely misses Lifeless's ghost.
A phantom and a skeleton come into view.
You hit Lifeless's ghost but do no damage.
Lifeless's ghost is lightly damaged.
Lifeless's ghost completely misses you.
The orc hits Lifeless's ghost but does no damage.
You hit Lifeless's ghost but do no damage.
Lifeless's ghost is lightly damaged.
Lifeless's ghost closely misses you.
The orc barely misses Lifeless's ghost.
You hit Lifeless's ghost.
Lifeless's ghost is lightly damaged.
Lifeless's ghost hits you!
* * * LOW HITPOINT WARNING * * *
You barely miss Lifeless's ghost.
Lifeless's ghost is lightly damaged.
Lifeless's ghost hits you!
You die...

... ... . █.█ .@.
█.█ .Z. █.█ █.█
█.█ █.████.█
█..█Wo█ ██ █Z@.██
█.█ . █...██ █..█
█.█ █....██..█
█..███.......█
█...........█
██....[<.....██
█.............██
.........o......██
.....██..........█


You could see Eustachio, Lifeless's ghost, a quokka skeleton, a centaur
skeleton, a neutral orc wizard (wandering) and a neutral orc (wandering).

Vanquished Creatures
  An orc wizard (D:3)
  3 adders
  9 worms
  3 dart slugs
  6 leopard geckos
  6 orcs
  7 bats
  6 giant cockroaches
  2 goblins (D:3)
  11 hobgoblins
  8 jackals
  A quokka (D:2)
  3 frilled lizards
  6 kobolds
  10 rats
82 creatures vanquished.

Notes
Turn   | Place    | Note
-------+----------+-------------------------------------------
     0 | D:1      | nht the Hill Orc Monk began the quest for the Orb.
     0 | D:1      | Reached XP level 1. HP: 19/19 MP: 1/1
   159 | D:1      | Reached XP level 2. HP: 24/26 MP: 2/2
   210 | D:1      | Reached skill level 5 in Axes
   579 | D:1      | Reached XP level 3. HP: 29/31 MP: 3/3
  1056 | D:2      | HP: 1/31 [worm (6)]
  1106 | D:2      | Reached skill level 6 in Axes
  1406 | D:2      | Reached XP level 4. HP: 16/39 MP: 4/4
  1530 | D:2      | Gained mutation: Your spells are a little harder to cast, but a little more powerful. [potion of mutation]
  1530 | D:2      | Lost mutation: Your spells are a little harder to cast, but a little more powerful. [potion of mutation]
  1530 | D:2      | Gained mutation: You have an increased reservoir of magic. (+10% MP) [potion of mutation]
  1832 | D:2      | Found a faded altar of an unknown god.
  2050 | D:2      | Became a worshipper of Vehumet
  2050 | D:2      | Reached * piety under Vehumet
  2050 | D:2      | Offered knowledge of Flame Tongue by Vehumet.
  2050 | D:2      | Reached ** piety under Vehumet
  2053 | D:2      | Learned a level 1 spell: Flame Tongue
  2192 | D:2      | Offered knowledge of Throw Frost by Vehumet.
  2214 | D:2      | Reached skill level 7 in Axes
  2411 | D:3      | Offered knowledge of Dazzling Spray by Vehumet.
  2605 | D:3      | Reached *** piety under Vehumet
  2636 | D:3      | Reached XP level 5. HP: 45/45 MP: 5/5
  2845 | D:3      | Reached skill level 1 in Conjurations
  2879 | D:3      | Offered knowledge of Iskenderun's Mystic Blast by Vehumet.
  3226 | D:3      | Reached skill level 1 in Fire Magic
  3346 | D:4      | Noticed Lifeless's ghost (amateur MiFi)
  3347 | D:4      | Fell from the grace of Vehumet
  3347 | D:4      | Became a worshipper of Beogh the Brigand
  3354 | D:4      | Noticed Eustachio
  3358 | D:4      | Noticed a phantom
  3361 | D:4      | Slain by Lifeless's ghost

Vault maps used:
D:1:      dpeg_arrival_snail, minmay_curled_crystal
D:2:      first_bread, chequers_ecumenical_altar_simple, serial_forest,
          infiniplex_forest_lined_3, infiniplex_forest_straight_2,
          infiniplex_forest_end_1, infiniplex_forest_end_2
D:3:      grunt_ministairs_15
D:4:      uniq_eustachio

Skill      XL: |  1  2  3  4  5 |
---------------+----------------+-----
Axes           | 5 6 7 |  7.4
Conjurations   | 1 |  1.6
Fire Magic     | 1 |  1.2
Fighting       | |  3.6
Dodging        | |  2.4
Stealth        | |  1.5
Spellcasting   | |  0.1

Action                   |  1- 3 |  4- 6 || total
-------------------------+-------+-------++-------
Melee: Hand axe          |   146 |   210 ||   356
 Cast: Flame Tongue      |       |     7 ||     7
Invok: Convert to Beogh  |       |     1 ||     1
  Use: Potion            |     1 |     5 ||     6
  Eat: Chunk             |     2 |     7 ||     9
Armor: Robe              |     4 |       ||     4
       Ring mail         |    44 |    46 ||    90
Dodge: Dodged            |    92 |   121 ||   213
